 Dungeon Crawl Stone Soup version 0.20.0-10-g0535bb4 (webtiles) character file.

222266 nikopol the Warrior (level 18, -1/180 HPs)
             Began as a Minotaur Berserker on June 5, 2017.
             Was the Champion of Trog.
             Slain by an emperor scorpion (7 damage)
             ... on level 4 of the Spider Nest on June 6, 2017.
             The game lasted 02:04:15 (33757 turns).

nikopol the Warrior (Minotaur Berserker)           Turns: 33757, Time: 02:04:16

Health: -1/180     AC: 21    Str: 39    XL:     18   Next: 52%
Magic:  5/5        EV: 20    Int:  8    God:    Trog [******]
Gold:   3386       SH:  0    Dex: 19    Spells: 17/17 levels left

rFire    . . .     SeeInvis .   a - +7 broad axe (antimagic)
rCold    . . .     Gourm    .   (no shield)
rNeg     + . .     Faith    .   x - +4 ring mail "Widwoss" {rN+ Str+4 Slay+2}
rPois    .         Spirit   .   O - +2 hat
rElec    .         Reflect  .   K - +2 cloak
rCorr    .         Harm     .   v - +0 pair of gloves
MR       ++...                  S - +1 pair of boots
Stlth    +++.......             P - amulet of regeneration
Regen    0.8/turn               s - ring of Geguchij {Str+6 Int+4 Dex+3}
MPRegen  0.1/turn               R - ring of protection from magic

@: mighty, berserk cooldown, hasted and slowed
A: retaliatory headbutt, horns 2
}: 1/15 runes: decaying
a: Berserk, Trog's Hand, Brothers in Arms, Burn Spellbooks, Renounce Religion


You were on level 4 of the Spider Nest.
You worshipped Trog.
Trog was exalted by your worship.
You were not hungry.

You visited 5 branches of the dungeon, and saw 31 of its levels.
You also visited: Labyrinth, Sewer and Ice Cave.

You collected 3386 gold pieces.

Inventory:

Hand Weapons
 a - a +7 antimagic broad axe (weapon)
 z - a +8 longbow of freezing
 C - a +2 executioner's axe of chopping
 M - a +3 antimagic battleaxe
Missiles
 m - 1112 arrows (quivered)
Armour
 v - a +0 pair of gloves (worn)
 x - the +4 ring mail "Widwoss" (worn) {rN+ Str+4 Slay+2}
   (You found it on level 4 of the Dungeon)

   It affects your strength (+4).
   It affects your accuracy and damage with ranged weapons and melee attacks
   (+2).
   It protects you from negative energy.
 K - a +2 cloak (worn)
 O - a +2 hat (worn)
 S - a +1 pair of boots (worn)
 Z - a +3 chain mail of fire resistance
Jewellery
 n - an uncursed ring of see invisible
 o - an uncursed ring of positive energy
 s - the ring of Geguchij (left hand) {Str+6 Int+4 Dex+3}
   (You found it on level 15 of the Dungeon)

   [ring of strength]

   It affects your strength (+6).
   It affects your intelligence (+4).
   It affects your dexterity (+3).
 P - an amulet of regeneration (around neck)
 R - a ring of protection from magic (right hand)
 U - the ring of Robustness {AC+8}
   (You found it in a labyrinth)

   [ring of protection]

   It affects your AC (+8).
 Y - a +2 ring of intelligence
Wands
 u - a wand of paralysis (18/24)
 L - a wand of confusion (15/48)
 Q - a wand of disintegration (15/24)
 V - a wand of random effects (25/48)
 W - a wand of digging (7/24)
Scrolls
 b - a scroll of holy word
 h - 2 scrolls of fear
 k - 4 scrolls of fog
 p - 13 scrolls of remove curse
 t - 10 scrolls of enchant armour
 w - 2 scrolls of blinking
 y - a scroll of acquirement {unknown}
 B - 8 scrolls of teleportation
 H - a scroll of recharging
 J - a scroll of identify
 N - 4 scrolls of magic mapping
 X - a scroll of vulnerability {unknown}
Potions
 e - 11 potions of curing
 f - 9 potions of agility
 g - a potion of resistance
 i - 2 potions of berserk rage
 j - 3 potions of haste
 l - 7 potions of brilliance
 q - 4 potions of flight
 A - 5 potions of cancellation
 E - 5 potions of heal wounds
 F - 8 potions of might
 I - a potion of magic
 T - a potion of invisibility
Comestibles
 c - 18 bread rations
 d - 13 meat rations
 r - 29 fruits
 G - 23 royal jellies


   Skills:
 + Level 20.4 Fighting
 + Level 19.4(19.5) Axes
   Level 2.2(13.3) Maces & Flails
 + Level 19.1 Bows
 + Level 11.2 Armour
 + Level 11.1 Dodging
 + Level 5.0 Stealth
 + Level 0.2 Unarmed Combat


You had 17 spell levels left.
You didn't know any spells.

Dungeon Overview and Level Annotations

Branches:
Dungeon (15/15)            Temple (0/1) D:5            Lair (6/6) D:8
  Swamp (4/4) Lair:4       Spider (4/4) Lair:2        Slime (0/5) Lair:6
    Orc (2/2) D:11            Elf (0/3) Orc:2        Vaults (0/5) D:13
 Depths (0/5) D:15

Altars:
Cheibriados
Dithmenos
Fedhas
Gozag
Hepliaklqana
Kikubaaqudgha
Makhleb
Nemelex Xobeh
Okawaru
Qazlal
Ru
Sif Muna
Trog
Vehumet
Zin
The Shining One
Beogh
Jiyva

Shops:
D:4 [   D:15 %(}   Orc:1 (   Orc:2 :!(%


Innate Abilities, Weirdness & Mutations

You reflexively headbutt those who attack you in melee.
You have a pair of horns on your head.


Message History

You feel better.
The emperor scorpion stings you but does no damage.
The emperor scorpion misses you. The emperor scorpion claws you.
* * * LOW HITPOINT WARNING * * *
The emperor scorpion completely misses you.
The emperor scorpion claws you but does no damage. x2
Okay, then.
As you read the scroll of fear, it crumbles to dust.
You assume a fearsome visage.
The emperor scorpion closely misses you.
The emperor scorpion claws you but does no damage. x2
You feel very mighty all of a sudden. The emperor scorpion stings you!!
* * * LOW HITPOINT WARNING * * *
The emperor scorpion barely misses you.
The emperor scorpion claws you but does no damage.
The emperor scorpion misses you.
The emperor scorpion claws you but does no damage.
The emperor scorpion claws you!
You die...

#.##...###...............#
#.....## #..............^##(...
#.##..####...........8.8.#(...(
##.#.....................#(.#..
#.........^..........###.#((...
##....##............## ##(....
#.....##...........≈≈#####(#...
#......^...........≈≈≈≈##(≈≈(.(
##...##......^@s...†≈≈≈†((((...
#^..##..^...<......≈##≈≈≈≈≈...
##..^..............≈#####(≈(...
#...##............^.######≈(...
##..##..............^##.##≈.#..
#..................^.....#..≈..
#.....##.............8.8.#.....
##...^##..........^......#.....
#^.^..............^......#


You could see an emperor scorpion (berserk).

Vanquished Creatures
  Mara (Swamp:4)
  the Lernaean hydra (Swamp:4)
  Arachne (Spider:2)
  Jorgrun (Swamp:4)
  Asterion (Spider:2)
  Frances (Spider:2)
  Roxanne (Swamp:2)
  Kirke (Swamp:4)
  Donald (Swamp:2)
  A thorn hunter (Swamp:3)
  A ghost moth (Spider:4)
  Louise (Spider:2)
  5 emperor scorpions
  A frost giant (D:15)
  4 entropy weavers
  A minotaur (Lab)
  2 fire dragons (D:15)
  A yaktaur captain (D:15)
  Erolcha (Orc:1)
  4 vault guards (D:15)
  Fannar (Orc:2)
  20 hydras
  4 centaur warriors
  A tengu warrior (D:15)
  8 alligators
  An ogre mage (D:15)
  9 two-headed ogres
  2 deep troll shamans (D:15)
  A death knight (D:12)
  2 deep troll earth magi (D:15)
  9 death yaks (Lair:6)
  An orc high priest (Orc:1)
  A spectral emperor scorpion (Spider:4)
  5 skeletal warriors (D:15)
  5 unseen horrors
  13 swamp dragons
  A wizard (D:13)
  2 shambling mangroves
  18 orb spiders
  3 necromancers
  6 wolf spider zombies
  5 orc knights
  20 wolf spiders
  7 ugly things
  5 manticores
  2 orc sorcerers (Orc:1)
  A cyclops (D:15)
  A salamander (shapeshifter) (D:15)
  2 centaur zombies (D:15)
  2 moths of wrath (Spider:4)
  Maurice (D:11)
  2 ice statues (IceCv)
  10 black mambas
  3 guardian serpents
  2 torpor snails
  Joseph (D:7)
  3 gargoyles
  A spectral redback (Spider:4)
  19 spiny frogs
  A rime drake (Lair:2)
  An efreet (D:15)
  7 komodo dragons
  12 demonic crawlers
  2 ice devils (Lair:6)
  A redback zombie (Spider:4)
  2 freezing wraiths (D:12)
  25 jumping spiders
  4 tengu conjurers (D:15)
  A meliai (shapeshifter) (D:15)
  A polar bear (shapeshifter) (D:15)
  6 trolls
  15 hornets
  2 blink frogs (shapeshifter) (D:15)
  3 meliai (Spider:3)
  10 bog bodies
  A harpy skeleton (D:15)
  A spectral tarantella (Spider:4)
  9 dream sheep (Lair:6)
  Prince Ribbit (D:7)
  26 blink frogs
  6 tyrant leeches
  20 slime creatures
  A jumping spider zombie (Spider:4)
  3 tarantella zombies (Spider:4)
  17 hippogriffs
  2 centaur simulacra (D:15)
  6 spriggans
  Sigmund (D:4)
  72 redbacks
  24 yaks
  24 tarantellas
  11 wyverns
  4 wraiths
  7 hogs (Swamp:4)
  42 vampire mosquitoes
  7 basilisks
  A steam dragon (Lair:2)
  4 hungry ghosts
  24 insubstantial wisps
  A warg (Orc:1)
  32 water moccasins
  Edmund (D:5)
  12 swamp drakes
  28 swamp worms
  2 floating eyes (D:15)
  8 porcupines
  Duvessa (D:5)
  4 ice beasts
  3 sky beasts
  43 orc warriors
  12 ogres
  A phantom (D:5)
  A hornet zombie (D:14)
  4 necrophages
  A boggart (D:15)
  6 wolves (Lair:4)
  34 centaurs
  13 crocodiles
  5 big kobolds
  23 bullfrogs
  A gnoll sergeant (D:10)
  Dowan (D:5)
  6 scorpions
  A hornet simulacrum (D:15)
  A wyvern skeleton (D:15)
  14 killer bees
  10 wights
  6 electric eels
  3 howler monkeys
  5 crimson imps
  A bullfrog zombie (D:12)
  6 hounds
  6 jellies
  A bullfrog skeleton (D:9)
  11 orc priests
  10 centaur skeletons
  A gnoll shaman (D:7)
  An iron imp (D:6)
  An iguana (D:12)
  18 orc wizards
  7 worker ants
  2 hound zombies (D:9)
  2 hound skeletons
  A howler monkey zombie (D:9)
  15 gnolls
  16 adders
  3 river rats (Lair:2)
  4 shadow imps
  7 oozes
  21 worms
  5 dart slugs
  4 leopard geckos
  84 orcs
  10 giant cockroaches
  6 goblins
  6 hobgoblins
  25 jackals
  38 kobolds
  6 quokkas
  3 ball pythons
  8 bats
  7 frilled lizards
  A jackal zombie (D:6)
  A quokka skeleton (D:5)
  13 rats
  15 fungi
  15 plants
1302 creatures vanquished.

Vanquished Creatures (collateral kills)
  An ugly thing (IceCv)
  4 ice beasts (IceCv)
5 creatures vanquished.

Vanquished Creatures (others)
  An alligator (Swamp:4)
  A shadow wraith (D:15)
  A quasit (D:15)
  A quokka (D:9)
  11 fungi (Lair:6)
  19 plants
34 creatures vanquished.

Grand Total: 1341 creatures vanquished

Notes
Turn   | Place    | Note
-------+----------+-------------------------------------------
     0 | D:1      | nikopol the Minotaur Berserker began the quest for the Orb.
     0 | D:1      | Reached XP level 1. HP: 19/19 MP: 0/0
   198 | D:1      | Reached skill level 4 in Fighting
   255 | D:1      | Reached XP level 2. HP: 27/27 MP: 1/1
   632 | D:2      | Reached XP level 3. HP: 10/34 MP: 2/2
   941 | D:2      | Found a glowing golden altar of the Shining One.
  1142 | D:2      | Reached ** piety under Trog
  1173 | D:2      | Found a faded altar of an unknown god.
  1318 | D:2      | Reached XP level 4. HP: 41/41 MP: 3/3
  1769 | D:3      | Found a blossoming altar of Fedhas.
  1848 | D:3      | Reached skill level 5 in Axes
  1907 | D:3      | Reached skill level 5 in Fighting
  1907 | D:3      | Reached XP level 5. HP: 36/48 MP: 4/4
  2167 | D:3      | Found a shadowy altar of Dithmenos.
  2201 | D:3      | Found an ancient bone altar of Kikubaaqudgha.
  2257 | D:3      | Noticed a necrophage
  2271 | D:3      | Killed a necrophage
  2376 | D:3      | Reached XP level 6. HP: 51/54 MP: 5/5
  2591 | D:4      | Found Reatzuavi's Armour Shop.
  2784 | D:4      | Found a sacrificial altar of Ru.
  2787 | D:4      | Got a smoking ring mail
  2874 | D:4      | Noticed Sigmund
  2881 | D:4      | Killed Sigmund
  2881 | D:4      | Reached *** piety under Trog
  2881 | D:4      | Reached skill level 1 in Stealth
  2881 | D:4      | Reached skill level 6 in Fighting
  2881 | D:4      | Reached XP level 7. HP: 61/61 MP: 6/6
  2979 | D:4      | Identified the +4 ring mail "Widwoss" {rN+ Str+4 Slay+2} (You found it on level 4 of the Dungeon)
  3043 | D:4      | Found a sparkling altar of Nemelex Xobeh.
  3442 | D:5      | Entered Level 5 of the Dungeon
  3543 | D:5      | Found a staircase to the Ecumenical Temple.
  3960 | D:5      | Noticed Duvessa
  3961 | D:5      | Noticed Dowan
  3962 | D:5      | Found a stormy altar of Qazlal.
  3968 | D:5      | Killed Duvessa
  3969 | D:5      | Found a deep blue altar of Sif Muna.
  3970 | D:5      | Killed Dowan
  3980 | D:5      | Noticed Edmund
  3997 | D:5      | Killed Edmund
  3997 | D:5      | Reached XP level 8. HP: 50/69 MP: 7/7
  4453 | D:6      | Found a glowing drain.
  4484 | Sewer    | Entered a sewer
  4611 | Sewer    | Reached skill level 5 in Armour
  4856 | Sewer    | Received a gift from Trog
  4894 | D:6      | Found a snail-covered altar of Cheibriados.
  4904 | D:6      | Reached skill level 7 in Fighting
  5069 | D:6      | Noticed a hornet
  5071 | D:6      | Paralysed by a hornet for 2 turns
  5075 | D:6      | Killed a hornet
  5075 | D:6      | Reached skill level 5 in Dodging
  5079 | D:6      | Found a burning altar of Makhleb.
  5200 | D:6      | Found a glowing silver altar of Zin.
  5235 | D:6      | Reached skill level 10 in Axes
  5605 | D:7      | Noticed Joseph
  5605 | D:7      | Paralysed by Joseph for 4 turns
  5617 | D:7      | Killed Joseph
  5617 | D:7      | Reached XP level 9. HP: 77/77 MP: 8/8
  5679 | D:7      | Reached **** piety under Trog
  5839 | D:7      | Reached skill level 8 in Fighting
  5913 | D:7      | Noticed Prince Ribbit
  6221 | D:7      | Killed Prince Ribbit
  6596 | D:8      | Found a hazy altar of Hepliaklqana.
  6604 | D:8      | Noticed a two-headed ogre
  6805 | D:8      | Found a staircase to the Lair.
  6859 | D:8      | Received a gift from Trog
  7186 | D:9      | Noticed a troll
  7191 | D:9      | Killed a troll
  7191 | D:9      | Reached XP level 10. HP: 84/88 MP: 9/9
  7201 | D:9      | Reached skill level 9 in Fighting
  7209 | D:9      | Reached ***** piety under Trog
  7405 | D:9      | Noticed a two-headed ogre
  7412 | D:9      | Killed a two-headed ogre
  7501 | D:9      | Noticed a manticore
  7507 | D:9      | Killed a manticore
  7650 | D:9      | Received a gift from Trog
  8094 | D:9      | Found an opulent altar of Gozag.
  8142 | D:9      | Found an iron altar of Okawaru.
  8416 | Lair:1   | Entered Level 1 of the Lair of Beasts
  8539 | Lair:1   | Reached skill level 5 in Bows
  8636 | Lair:1   | Reached XP level 11. HP: 97/97 MP: 10/10
  8645 | Lair:1   | Reached skill level 10 in Fighting
  8795 | Lair:1   | Noticed a four-headed hydra
  8803 | Lair:1   | Killed a four-headed hydra
  9360 | Lair:2   | Received a gift from Trog
  9518 | Lair:2   | Found a hole to the Spider Nest.
  9727 | Lair:2   | Noticed a four-headed hydra
  9740 | Lair:2   | Killed a four-headed hydra
 10541 | Lair:3   | Found a radiant altar of Vehumet.
 10571 | Lair:3   | Noticed a four-headed hydra
 10577 | Lair:3   | Killed a four-headed hydra
 10577 | Lair:3   | Reached skill level 11 in Fighting
 11175 | Lair:3   | Reached XP level 12. HP: 71/108 MP: 3/11
 11360 | Lair:4   | Received a gift from Trog
 11656 | Lair:4   | Reached skill level 10 in Bows
 11716 | Lair:4   | Found a staircase to the Swamp.
 12321 | Lair:5   | Noticed a six-headed hydra
 12341 | Lair:5   | Killed a six-headed hydra
 12341 | Lair:5   | Reached skill level 12 in Fighting
 12564 | Lair:5   | You fall through a shaft!
 12564 | Lair:6   | Entered Level 6 of the Lair of Beasts
 12607 | Lair:6   | Reached skill level 1 in Maces & Flails
 12807 | Lair:6   | Received a gift from Trog
 12862 | Lair:6   | Reached XP level 13. HP: 94/117 MP: 4/12
 12870 | Lair:6   | Reached skill level 15 in Axes
 12964 | Lair:6   | Found a frozen archway.
 12970 | Lair:6   | Reached skill level 13 in Fighting
 12976 | IceCv    | Entered an ice cave
 13059 | IceCv    | Found a transporter.
 14526 | Lair:6   | Received a gift from Trog
 14782 | Lair:6   | Reached XP level 14. HP: 128/128 MP: 13/13
 14813 | Lair:6   | Reached skill level 14 in Fighting
 15009 | Lair:6   | Found a staircase to the Slime Pits.
 15285 | D:10     | Entered Level 10 of the Dungeon
 15901 | D:11     | Found a deep blue altar of Sif Muna.
 16034 | D:11     | Found a staircase to the Orcish Mines.
 16268 | D:11     | Received a gift from Trog
 16430 | D:11     | Reached ****** piety under Trog
 16434 | D:11     | Received a gift from Trog
 16546 | D:11     | Found a viscous altar of Jiyva.
 16818 | Orc:1    | Entered Level 1 of the Orcish Mines
 16835 | Orc:1    | Found Voek's Weapon Shop.
 16854 | Orc:1    | Noticed Maurice
 16879 | D:11     | Killed Maurice
 16879 | D:11     | Received a gift from Trog
 17072 | Orc:2    | Entered Level 2 of the Orcish Mines
 17186 | Orc:1    | Found a bloodstained altar of Trog.
 17208 | Orc:1    | Noticed Fannar
 17299 | Orc:2    | Received a gift from Trog
 17332 | Orc:1    | Noticed Erolcha
 17338 | Orc:1    | Killed Erolcha
 17508 | Orc:2    | Paralysed by an orc sorcerer for 7 turns
 18144 | Orc:2    | Reached skill level 15 in Fighting
 18293 | Orc:2    | Found a staircase to the Elven Halls.
 18327 | Orc:2    | Received a gift from Trog
 18425 | Orc:2    | Found Rekhakag's Weapon Shoppe.
 18425 | Orc:2    | Found Weapadan's Distillery.
 18429 | Orc:2    | Found Udghomic's Book Boutique.
 18431 | Orc:2    | Found Qucs's Food Emporium.
 18504 | Orc:2    | Found a roughly hewn altar of Beogh.
 18836 | Orc:2    | Killed Fannar
 18836 | Orc:2    | Received a gift from Trog
 19048 | D:12     | Received a gift from Trog
 19329 | D:12     | Received a gift from Trog
 20103 | D:13     | Reached XP level 15. HP: 143/143 MP: 4/14
 20105 | D:13     | Received a gift from Trog
 20344 | D:13     | Found a gate to the Vaults.
 20348 | D:13     | Reached skill level 16 in Fighting
 20660 | D:13     | Received a gift from Trog
 20696 | D:14     | Found a labyrinth entrance.
 20705 | Lab      | Entered a labyrinth
 21319 | Lab      | Got a shimmering ring mail
 21351 | D:14     | Identified the +1 ring mail "Faxo" {MR- Str+4} (You found it in a labyrinth)
 21516 | D:14     | Received a gift from Trog
 22146 | D:15     | Entered Level 15 of the Dungeon
 22360 | D:15     | Received a gift from Trog
 22443 | D:15     | Paralysed by a floating eye for 3 turns
 22460 | D:15     | Reached skill level 10 in Armour
 22489 | D:15     | Paralysed by a hornet for 1 turns
 22505 | D:15     | Got a crystal battleaxe
 22509 | D:15     | Identified the +2 battleaxe "Anlo" {chop, rF+} (You found it on level 15 of the Dungeon)
 22720 | D:15     | Found Baumuet's Weapon Emporium.
 22998 | D:15     | Reached skill level 15 in Bows
 23013 | D:15     | Got a crude steel ring
 23023 | D:15     | Found Luacw's Gadget Emporium.
 23157 | D:15     | Got a brightly glowing bronze ring
 23161 | D:15     | Identified the ring of Cycaalad {rPois Str+6 Dex-3} (You took it off a skeletal warrior on level 15 of the Dungeon)
 23163 | D:15     | Identified the ring of Geguchij {Str+6 Int+4 Dex+3} (You found it on level 15 of the Dungeon)
 23182 | D:15     | Found Asoel's Food Boutique.
 23202 | D:15     | Paralysed by a floating eye for 3 turns
 23350 | D:15     | Reached skill level 17 in Fighting
 23561 | D:15     | Got a bound tin ring
 23563 | D:15     | Identified the ring "Hiuf" {+Inv rF+ Dex+3} (You found it on level 15 of the Dungeon)
 23593 | D:15     | Received a gift from Trog
 23601 | D:15     | Reached XP level 16. HP: 141/155 MP: 5/15
 23643 | D:15     | Paralysed by a hornet for 1 turns
 23708 | D:15     | Found a staircase to the Depths.
 24014 | D:11     | Received a gift from Trog
 24160 | Swamp:1  | Entered Level 1 of the Swamp
 24849 | Swamp:1  | Found a stormy altar of Qazlal.
 25095 | Swamp:2  | You fall through a shaft!
 25285 | Swamp:3  | Got a twisted scale mail
 25337 | Swamp:2  | Identified the cursed +1 scale mail "Qathreof" {-Tele +Inv Regen+ Str+2} (You found it on level 3 of the Swamp)
 25422 | Swamp:2  | Noticed Donald
 25433 | Swamp:2  | Killed Donald
 25433 | Swamp:2  | Received a gift from Trog
 25433 | Swamp:2  | Reached skill level 18 in Fighting
 25436 | Swamp:2  | Noticed Roxanne
 25506 | Swamp:2  | Killed Roxanne
 25905 | Swamp:2  | Reached skill level 10 in Dodging
 26241 | Swamp:3  | Noticed a thorn hunter
 26250 | Swamp:3  | Killed a thorn hunter
 26935 | Swamp:4  | Entered Level 4 of the Swamp
 27006 | Swamp:4  | Received a gift from Trog
 27703 | Swamp:4  | Reached XP level 17. HP: 166/166 MP: 16/16
 27721 | Swamp:4  | Noticed the 27-headed Lernaean hydra
 27724 | Swamp:4  | Killed the 27-headed Lernaean hydra
 28304 | Swamp:4  | Got a decaying rune of Zot
 28377 | Swamp:4  | Noticed Kirke
 28596 | Swamp:4  | Killed Kirke
 28684 | Swamp:4  | Noticed Mara
 28688 | Swamp:4  | Noticed nikopol's illusion
 28692 | Swamp:4  | Killed Mara
 28748 | Swamp:4  | Noticed Jorgrun
 28757 | Swamp:4  | Killed Jorgrun
 28757 | Swamp:4  | Reached skill level 19 in Fighting
 28762 | Swamp:4  | Received a gift from Trog
 29190 | Spider:1 | Entered Level 1 of the Spider Nest
 29282 | Spider:1 | Received a gift from Trog
 29478 | Spider:1 | Received a gift from Trog
 29598 | Spider:1 | Reached skill level 5 in Stealth
 29657 | Spider:1 | Received a gift from Trog
 29878 | Spider:1 | Received a gift from Trog
 30041 | Spider:2 | Received a gift from Trog
 30080 | Spider:2 | Noticed Asterion
 30156 | Spider:2 | Noticed Arachne
 30168 | Spider:2 | Killed Arachne
 30352 | Spider:2 | Killed Asterion
 30806 | Spider:2 | Noticed Louise
 30824 | Spider:2 | Killed Louise
 30824 | Spider:2 | Received a gift from Trog
 30974 | Spider:2 | Noticed Frances
 30980 | Spider:2 | Killed Frances
 31357 | Spider:3 | Reached XP level 18. HP: 175/178 MP: 17/17
 31718 | Spider:3 | Received a gift from Trog
 31721 | Spider:3 | HP: 4/178 [poisoned by a redback]
 32454 | Spider:4 | Entered Level 4 of the Spider Nest
 32482 | Spider:4 | Reached skill level 20 in Fighting
 32681 | Spider:4 | Received a gift from Trog
 33202 | Spider:4 | Received a gift from Trog
 33749 | Spider:4 | HP: 11/270 [emperor scorpion (30)]
 33752 | Spider:4 | HP: 4/180 [poisoned by an emperor scorpion]
 33757 | Spider:4 | HP: 6/180 [emperor scorpion (20)]
 33757 | Spider:4 | Slain by an emperor scorpion

Skill      XL: |  1  2  3  4  5  6  7  8  9 10 11 12 13 14 15 16 17 18 |
---------------+-------------------------------------------------------+-----
Fighting       | 4 5 6 7 8 9 11 12 13 15 17 18 19 20 | 20.4
Axes           | 4 5 6 8 10 11 12 13 14 16 17 18 19 | 19.4
Armour         | 3 4 5 7 8 9 10 11 | 11.2
Dodging        | 3 4 5 6 7 8 9 10 11 | 11.1
Stealth        | 1 2 3 4 5 |  5.0
Bows           | 5 9 11 12 14 15 16 18 19 | 19.1
Maces & Flails | 2 |  2.2
Unarmed Combat | |  0.2

Action                   |  1- 3 |  4- 6 |  7- 9 | 10-12 | 13-15 | 16-18 || total
-------------------------+-------+-------+-------+-------+-------+-------++-------
Melee: Hand axe          |    69 |   117 |   317 |    91 |       |       ||   594
       Headbutt          |    10 |    17 |    82 |    96 |   164 |   120 ||   489
       War axe           |       |       |       |    36 |       |       ||    36
       Broad axe         |       |       |       |   201 |   570 |   356 ||  1127
       Dire flail        |       |       |       |     3 |       |       ||     3
       Unarmed           |       |       |       |       |       |     2 ||     2
 Fire: Shortbow          |       |       |       |   361 |   973 |    29 ||  1363
       Longbow           |       |       |       |       |       |   889 ||   889
Invok: Berserk           |       |     1 |     4 |     3 |     6 |     3 ||    17
       Burn Spellbooks   |       |       |     1 |     4 |     2 |     5 ||    12
       Brothers in Arms  |       |       |       |       |     3 |       ||     3
  Use: Scroll            |       |       |     3 |     4 |    27 |    10 ||    44
       Potion            |       |       |       |       |     3 |     8 ||    11
 Stab: Sleeping          |     1 |       |       |       |     7 |     2 ||    10
       Distracted        |       |       |       |       |     1 |       ||     1
  Eat: Chunk             |     1 |     5 |    20 |    20 |    38 |    33 ||   117
       Fruit             |       |       |       |       |     5 |       ||     5
       Royal jelly       |       |       |       |       |       |     1 ||     1
Armor: Animal skin       |    11 |     5 |       |       |       |       ||    16
       Leather armour    |       |    24 |       |       |       |       ||    24
       Ring mail         |       |       |   102 |   120 |   330 |   240 ||   792
Dodge: Dodged            |    45 |    82 |   175 |   237 |   490 |   512 ||  1541
